[Event "DVM U20w 2021"]
[Site "Kiel"]
[Date "2022.07.25"]
[Round "6"]
[White "Rudolph, Eva"]
[Black "Peglau, Sarah"]
[Result "1-0"]
[ECO "C10"]
[WhiteElo "1892"]
[BlackElo "1782"]
[Annotator "NA RC COMBH"]
[PlyCount "133"]
[EventDate "2022.07.23"]
[EventType "team-tourn"]
[EventRounds "7"]
[EventCountry "GER"]
[SourceTitle "playchess.com"]
[Source "ChessBase"]
[SourceQuality "1"]
[TimeControl "40/5400+30:1800+30"]

1. e4 e6 2. d4 d5 3. Nd2 dxe4 4. Nxe4 b6 5. Bd3 Bb7 6. Nf3 Nd7 7. O-O Ngf6 8. Qe2 Be7 9. c3 O-O 10. Nxf6+ Nxf6 11. Re1 Rc8 12. Bf4 c5 13. dxc5 Bxc5 14. Rad1 Nd5 15. Bg3 Qe7 16. Bh4 Qc7 17. Bg3 Qe7 18. Bc4 Rfd8 19. Bh4 Nf6 20. Ne5 Rxd1 21. Rxd1 Qe8 22. Bb5 Qf8 23. Bxf6 gxf6 24. Rd7 fxe5 25. Rxb7 Qh6 26. Qxe5 Qd2 27. Qf6 Rf8 28. b4 Qd1+ 29. Bf1 Bd6 30. Qg5+ Kh8 31. Qh4 Qd2 32. Qf6+ Kg8 33. Rxa7 Qf4 34. Qxf4 Bxf4 35. a4 Bd2 36. Rc7 Ra8 37. Bb5 Kg7 38. g3 Kf6 39. Kg2 Rd8 40. Rc6 Rb8 41. Bd3 h6 42. Kf3 Ke5 43. Ke2 Bc1 44. f4+ Kd5 45. Rc7 Rf8 46. Rb7 e5 47. fxe5 Re8 48. Rxb6 Rxe5+ 49. Kd1 Be3 50. Rb5+ Kd6 51. Rxe5 Kxe5 52. Kc2 Bg1 53. h3 Bf2 54. g4 Kf4 55. a5 Kg3 56. Bf1 Be3 57. Kb3 Kf2 58. Bc4 f6 59. b5 Kg3 60. Kb4 Kxh3 61. Be6 Kh4 62. b6 h5 63. gxh5 Kxh5 64. Kb5 Kg5 65. a6 f5 66. a7 f4 67. a8=Q 1-0

[Event "DVM U20w 2021"]
[Site "Kiel"]
[Date "2022.07.25"]
[Round "6"]
[White "Peglau, Charis"]
[Black "Sereda, Yaroslava"]
[Result "0-1"]
[ECO "D40"]
[WhiteElo "1870"]
[BlackElo "1781"]
[Annotator "NA RC COMBH"]
[PlyCount "120"]
[EventDate "2022.07.23"]
[EventType "team-tourn"]
[EventRounds "7"]
[EventCountry "GER"]
[SourceTitle "playchess.com"]
[Source "ChessBase"]
[SourceQuality "1"]
[TimeControl "40/5400+30:1800+30"]

1. d4 d5 2. c4 e6 3. e3 Nf6 4. Nf3 c5 5. Nc3 cxd4 6. exd4 Nc6 7. Bg5 Be7 8. a3 O-O 9. c5 Ne4 10. Bxe7 Qxe7 11. Bd3 Nxc3 12. bxc3 e5 13. Be2 e4 14. Nd2 Qg5 15. g3 Bh3 16. Bf1 Qh6 17. Bxh3 Qxh3 18. Qe2 Rae8 19. Nb3 f5 20. O-O-O f4 21. c4 Qe6 22. Rhe1 dxc4 23. d5 Qh6 24. Kb1 cxb3 25. dxc6 Qxc6 26. Qc4+ Kh8 27. Rd6 Qc8 28. Kb2 fxg3 29. fxg3 Rf2+ 30. Kxb3 Qf5 31. Ka4 a6 32. Rb6 Qd7+ 33. c6 bxc6 34. Qxc6 Qxc6+ 35. Rxc6 h6 36. Rxa6 e3 37. Kb3 Rxh2 38. Kc3 Rg2 39. Rg6 Kh7 40. Rg4 h5 41. Rh4 Kg6 42. Rh3 Kg5 43. a4 e2 44. Kd2 g6 45. Rhh1 Rxg3 46. a5 Ra3 47. Ra1 Rxa1 48. Rxa1 Kf4 49. a6 Kf3 50. Ke1 h4 51. a7 Ra8 52. Ra2 g5 53. Ra3+ Kg2 54. Kxe2 h3 55. Ra2 g4 56. Ke1+ Kg1 57. Ra3 Re8+ 58. Kd2 h2 59. a8=Q Rxa8 60. Rxa8 h1=Q 0-1

[Event "DVM U20w 2021"]
[Site "Kiel"]
[Date "2022.07.25"]
[Round "6"]
[White "Brunner, Sophia"]
[Black "Tabakh, Najat"]
[Result "1-0"]
[ECO "A40"]
[WhiteElo "1804"]
[BlackElo "1313"]
[Annotator "NA RC COMBH"]
[PlyCount "105"]
[EventDate "2022.07.23"]
[EventType "team-tourn"]
[EventRounds "7"]
[EventCountry "GER"]
[SourceTitle "playchess.com"]
[Source "ChessBase"]
[SourceQuality "1"]
[TimeControl "40/5400+30:1800+30"]

1. d4 e5 2. d5 Bc5 3. e4 Qh4 4. Qe2 Nf6 5. Nd2 d6 6. g3 Qg4 7. h3 Qxe2+ 8. Nxe2 Na6 9. c3 c6 10. Bg2 Nc7 11. dxc6 bxc6 12. b4 Bb6 13. Nc4 Ke7 14. f4 Nd7 15. Be3 Bxe3 16. Nxe3 Bb7 17. Nf5+ Kf6 18. Nxd6 Ba6 19. Nf5 Bxe2 20. Kxe2 Nb5 21. c4 Nc7 22. Rhd1 Nb6 23. c5 Nc8 24. Ne3 exf4 25. gxf4 g6 26. e5+ Kg7 27. Bxc6 Rb8 28. a3 Ne6 29. Kf3 Ne7 30. Be4 Rhf8 31. Rd7 Nc8 32. Nc4 Rd8 33. Rad1 Rxd7 34. Rxd7 Kg8 35. Bb7 h5 36. Bxc8 Rxc8 37. Rxa7 Rd8 38. Nd6 Rf8 39. Ke4 Nd8 40. b5 f6 41. c6 Ne6 42. c7 f5+ 43. Ke3 Nxc7 44. Rxc7 h4 45. b6 Ra8 46. Rc8+ Rxc8 47. Nxc8 Kf7 48. b7 Ke6 49. b8=Q Kf7 50. Qd6 Kg7 51. Qf6+ Kh7 52. Ne7 Kh6 53. Qxg6# 1-0

[Event "DVM U20w 2021"]
[Site "Kiel"]
[Date "2022.07.25"]
[Round "6"]
[White "Albayrak, Nese Pinar"]
[Black "Fock, Sana"]
[Result "1-0"]
[ECO "B92"]
[WhiteElo "1651"]
[BlackElo "1807"]
[Annotator "NA RC COMBH"]
[PlyCount "63"]
[EventDate "2022.07.23"]
[EventType "team-tourn"]
[EventRounds "7"]
[EventCountry "GER"]
[SourceTitle "playchess.com"]
[Source "ChessBase"]
[SourceQuality "1"]
[TimeControl "40/5400+30:1800+30"]

1. e4 c5 2. Nf3 d6 3. d4 cxd4 4. Nxd4 Nf6 5. Nc3 a6 6. Be2 e5 7. Nb3 Be7 8. Be3 Be6 9. Nd5 Bxd5 10. exd5 Nbd7 11. Qd2 b6 12. O-O-O O-O 13. g4 a5 14. a4 Rc8 15. f3 Qc7 16. c3 Qb7 17. h4 Nb8 18. h5 Nfd7 19. g5 g6 20. hxg6 fxg6 21. f4 Na6 22. Bg4 Nac5 23. Nxc5 Nxc5 24. Bxc5 bxc5 25. Be6+ Rf7 26. Qh2 h5 27. gxh6 Bf8 28. f5 Rb8 29. Rd2 g5 30. Qh5 Qe7 31. Qg6+ Kh8 32. Bxf7 1-0

[Event "DVM U20w 2021"]
[Site "Kiel"]
[Date "2022.07.25"]
[Round "6"]
[White "Rempe, Mieke"]
[Black "Schwarzfischer, Julia"]
[Result "1-0"]
[ECO "C70"]
[WhiteElo "1646"]
[BlackElo "1314"]
[Annotator "NA RC COMBH"]
[PlyCount "103"]
[EventDate "2022.07.23"]
[EventType "team-tourn"]
[EventRounds "7"]
[EventCountry "GER"]
[SourceTitle "playchess.com"]
[Source "ChessBase"]
[SourceQuality "1"]
[TimeControl "40/5400+30:1800+30"]

1. e4 e5 2. Nf3 Nc6 3. Bb5 a6 4. Ba4 b5 5. Bb3 Na5 6. O-O d6 7. d4 Nxb3 8. axb3 exd4 9. Qxd4 Bb7 10. Nc3 Nf6 11. Bg5 Be7 12. Nd5 Nxd5 13. Qxg7 Bf6 14. Qxh8+ Bxh8 15. Bxd8 Kxd8 16. exd5 Bxd5 17. Rab1 Kd7 18. Rfe1 Rg8 19. Kf1 Rg6 20. Re3 f5 21. g3 f4 22. gxf4 Rf6 23. Rd1 c6 24. Rde1 Rh6 25. Re7+ Kc8 26. Re8+ Kb7 27. R1e7+ Kb6 28. Rxh8 Bxf3 29. Rhxh7 Rf6 30. h4 Rxf4 31. Rhf7 Rxf7 32. Rxf7 Be4 33. c3 Bb1 34. h5 Ba2 35. Rd7 Bxb3 36. h6 Bc4+ 37. Kg1 Bd3 38. Rxd6 Bb1 39. Rd7 a5 40. h7 Bxh7 41. Rxh7 b4 42. cxb4 axb4 43. f4 Kb5 44. f5 c5 45. f6 c4 46. f7 c3 47. bxc3 bxc3 48. f8=Q c2 49. Rc7 Ka4 50. Qa8+ Kb3 51. Qb8+ Ka2 52. Ra7# 1-0

[Event "DVM U20w 2021"]
[Site "Kiel"]
[Date "2022.07.25"]
[Round "6"]
[White "Rempe, Janne"]
[Black "Weiß, Sara"]
[Result "1-0"]
[ECO "D02"]
[WhiteElo "1497"]
[BlackElo "714"]
[Annotator "NA RC COMBH"]
[PlyCount "51"]
[EventDate "2022.07.23"]
[EventType "team-tourn"]
[EventRounds "7"]
[EventCountry "GER"]
[SourceTitle "playchess.com"]
[Source "ChessBase"]
[SourceQuality "1"]
[TimeControl "40/5400+30:1800+30"]

1. d4 d5 2. Nf3 Nf6 3. Bf4 g6 4. e3 Bg7 5. c3 O-O 6. Nbd2 Bg4 7. h3 Bd7 8. Be2 Na6 9. g4 c5 10. Ne5 Qe8 11. h4 Ba4 12. b3 Bd7 13. h5 g5 14. Bxg5 h6 15. Bf4 Bc6 16. g5 hxg5 17. Bxg5 Nd7 18. Nxc6 bxc6 19. Bxa6 f6 20. h6 fxg5 21. hxg7 Kxg7 22. Qg4 Rg8 23. Bd3 Rh8 24. Qxg5+ Kf8 25. Rxh8+ Kf7 26. Qg6# 1-0

[Event "DVM U20w 2021"]
[Site "Kiel"]
[Date "2022.07.25"]
[Round "6"]
[White "Margaryan, Susanna"]
[Black "Albayrak, Berrak"]
[Result "0-1"]
[ECO "E61"]
[WhiteElo "1436"]
[BlackElo "1592"]
[Annotator "NA RC COMBH"]
[PlyCount "52"]
[EventDate "2022.07.23"]
[EventType "team-tourn"]
[EventRounds "7"]
[EventCountry "GER"]
[SourceTitle "playchess.com"]
[Source "ChessBase"]
[SourceQuality "1"]
[TimeControl "40/5400+30:1800+30"]

1. d4 Nf6 2. c4 g6 3. Nc3 Bg7 4. Nf3 O-O 5. e3 d6 6. Be2 Nbd7 7. O-O e5 8. Qc2 c6 9. Rd1 Qe7 10. b4 Ne8 11. a4 f5 12. Ba3 e4 13. Nd2 Ndf6 14. b5 Nc7 15. a5 Ne6 16. Nb3 Ng5 17. b6 a6 18. Na4 Nd7 19. Rac1 f4 20. exf4 Rxf4 21. g3 Nh3+ 22. Kg2 Rxf2+ 23. Kh1 Nf6 24. Rf1 e3 25. Qd3 Bf5 26. Qd1 Be4+ 0-1

[Event "DVM U20w 2021"]
[Site "Kiel"]
[Date "2022.07.25"]
[Round "6"]
[White "Bangsa-Giesen, Citra"]
[Black "Sickmann, Lisa"]
[Result "0-1"]
[ECO "C50"]
[WhiteElo "1420"]
[BlackElo "1672"]
[Annotator "NA RC COMBH"]
[PlyCount "112"]
[EventDate "2022.07.23"]
[EventType "team-tourn"]
[EventRounds "7"]
[EventCountry "GER"]
[SourceTitle "playchess.com"]
[Source "ChessBase"]
[SourceQuality "1"]
[TimeControl "40/5400+30:1800+30"]

1. e4 e5 2. Nf3 Nc6 3. Bc4 Bc5 4. d3 Nf6 5. O-O d6 6. Be3 Bb6 7. c3 O-O 8. Bxb6 axb6 9. Bb3 Be6 10. Nbd2 Bxb3 11. Qxb3 Re8 12. Rfe1 d5 13. Qc2 Qd6 14. a3 b5 15. h3 Qc5 16. Rad1 Rad8 17. exd5 Qxd5 18. Ne4 Nxe4 19. dxe4 Qc4 20. g3 g6 21. Kg2 Nd4 22. Qc1 Nb3 23. Qe3 f6 24. Nd2 Qe6 25. Nxb3 Qxb3 26. Rd2 Rd6 27. Rxd6 cxd6 28. Qd2 Rd8 29. Rd1 Kg7 30. Qd5 Qxb2 31. Qxb7+ Kh6 32. Qe7 Qe2 33. Qxd8 Qxd1 34. Qxf6 Qe2 35. Qf8+ Kg5 36. Qe7+ Kh6 37. Qh4+ Kg7 38. Qe7+ Kg8 39. Qe8+ Kg7 40. Qe7+ Kg8 41. Qxd6 Qxe4+ 42. Kh2 Qe2 43. Qb8+ Kg7 44. Qa7+ Kg8 45. Qe3 Qxe3 46. fxe3 Kf7 47. e4 Ke6 48. Kg2 Kd6 49. Kf3 Kc5 50. Ke3 Kc4 51. Kd2 Kb3 52. g4 g5 53. Kd3 Kxa3 54. c4 b4 55. c5 b3 56. c6 b2 0-1

[Event "DVM U20w 2021"]
[Site "Kiel"]
[Date "2022.07.25"]
[Round "6"]
[White "Neumeier, Valentina"]
[Black "Malinowsky, Celina"]
[Result "0-1"]
[ECO "C54"]
[WhiteElo "1392"]
[BlackElo "1519"]
[Annotator "NA RC COMBH"]
[PlyCount "34"]
[EventDate "2022.07.23"]
[EventType "team-tourn"]
[EventRounds "7"]
[EventCountry "GER"]
[SourceTitle "playchess.com"]
[Source "ChessBase"]
[SourceQuality "1"]
[TimeControl "40/5400+30:1800+30"]

1. e4 e5 2. Nf3 Nc6 3. Bc4 Bc5 4. c3 Nf6 5. d3 d6 6. Nbd2 a6 7. b4 Ba7 8. a4 Bd7 9. Qb3 O-O 10. O-O Nh5 11. Re1 Qf6 12. h3 Nf4 13. Kf1 Qh6 14. h4 Qg6 15. g3 Bh3+ 16. Kg1 Qxg3+ 17. Kh1 Qg2# 0-1

[Event "DVM U20w 2021"]
[Site "Kiel"]
[Date "2022.07.25"]
[Round "6"]
[White "Albayrak, Melissa"]
[Black "Neitzel, Emma"]
[Result "1-0"]
[ECO "B01"]
[WhiteElo "1366"]
[BlackElo "1135"]
[Annotator "NA RC COMBH"]
[PlyCount "87"]
[EventDate "2022.07.23"]
[EventType "team-tourn"]
[EventRounds "7"]
[EventCountry "GER"]
[SourceTitle "playchess.com"]
[Source "ChessBase"]
[SourceQuality "1"]
[TimeControl "40/5400+30:1800+30"]

1. e4 d5 2. exd5 Qxd5 3. Nc3 Qa5 4. Nf3 c6 5. d4 Nf6 6. Bd2 Bf5 7. Be2 e6 8. a3 Qc7 9. Ne5 Nbd7 10. f4 Nxe5 11. fxe5 Nd5 12. Nxd5 cxd5 13. c3 a6 14. O-O Be7 15. Bg4 Bd3 16. Rf2 O-O 17. Bg5 Bxg5 18. Qxd3 Qc4 19. Rf3 Qxd3 20. Rxd3 g6 21. Rf1 h5 22. Bxh5 gxh5 23. Rg3 Kh7 24. Rxg5 Kh6 25. h4 Rg8 26. Rf6+ Rg6 27. Rgxg6+ fxg6 28. Rxe6 Rd8 29. Rd6 Re8 30. Rxd5 Re6 31. Rd6 Re7 32. Rf6 Kg7 33. Kf2 Re8 34. Kf3 Rd8 35. Ke4 Rd7 36. e6 Rxd4+ 37. cxd4 Kxf6 38. d5 Ke7 39. Ke5 Ke8 40. d6 Kd8 41. Kf6 Ke8 42. d7+ Kd8 43. Kf7 Kc7 44. e7 1-0

[Event "DVM U20w 2021"]
[Site "Kiel"]
[Date "2022.07.25"]
[Round "6"]
[White "Tabakh, Tassnim"]
[Black "Browning, Rebecca"]
[Result "0-1"]
[ECO "D03"]
[WhiteElo "1241"]
[BlackElo "1938"]
[Annotator "TA"]
[PlyCount "74"]
[EventDate "2022.07.23"]
[EventType "team-tourn"]
[EventRounds "7"]
[EventCountry "GER"]
[SourceTitle "playchess.com"]
[Source "ChessBase"]
[SourceQuality "1"]
[TimeControl "40/5400+30:1800+30"]

1. Nf3 d5 2. d4 Nf6 3. Bg5 h6 4. Bxf6 exf6 5. e3 Bd6 {[%emt 0:01:31] [#]} 6. h3 $146 {[%emt 0:02:04] D03: 1 d4 d5 2 Nf3 Nf6 3 Bg5, including Torre Attack with early ...d5.} ({Predecessor:} 6. c4 dxc4 7. Bxc4 O-O 8. Nc3 Nd7 9. Qc2 c6 10. Bb3 a5 11. a3 Re8 12. Nh4 Nf8 {0-1 (72) Artemiev,V (2709)-Kuzubov,Y (2642) Chess.com INT 2021}) 6... O-O 7. Bd3 Nd7 8. c4 {[%emt 0:04:12] The position is equal.} dxc4 9. Bxc4 c5 10. O-O cxd4 11. exd4 (11. Nxd4 $5 Ne5 12. Bd5 $14) 11... Nb6 12. b3 Bf5 13. Nc3 {[%emt 0:03:31] [#] Black keeps a firm grip on the game.} ({Better is} 13. Nh4 $15 Be6 14. Bxe6 fxe6 15. Nd2) 13... Rc8 $1 $17 14. Nb5 (14. Bd3 $17) 14... Nxc4 $19 15. bxc4 Rxc4 16. Nh4 Bh7 {[%emt 0:01:20] ...Bb8 is the strong threat. A strong pair of Bishops.} 17. Qb3 $2 (17. Nxd6 Qxd6 18. Nf3) 17... Rb4 18. Qa3 Rxb5 19. Qxa7 Qa5 20. Qxa5 Rxa5 21. Rfe1 Ra4 22. Red1 Be4 23. g3 Rfa8 24. Rd2 g6 25. d5 g5 26. Ng2 Be5 27. Rc1 Rxa2 28. Rxa2 Rxa2 29. Rd1 Ra1 30. Rxa1 Bxa1 31. d6 Kf8 32. Ne3 Bd4 {[%emt 0:00:27] [#] Threatens to win with ...Bxe3.} 33. Ng4 h5 34. Nh6 Kg7 35. Nxf7 Kxf7 {[%emt 0:00:06] Black mates.} 36. Kf1 Bf3 37. Ke1 Bc3+ {[%emt 0:00:05] Weighted Error Value: White=0.69/Black=0.23 (precise)} 0-1

[Event "DVM U20w 2021"]
[Site "Kiel"]
[Date "2022.07.25"]
[Round "6"]
[White "Hashemi, Nasanin Sahra"]
[Black "Wilmink, Anna"]
[Result "0-1"]
[ECO "D00"]
[WhiteElo "798"]
[BlackElo "1692"]
[Annotator "NA RC COMBH"]
[PlyCount "86"]
[EventDate "2022.07.23"]
[EventType "team-tourn"]
[EventRounds "7"]
[EventCountry "GER"]
[SourceTitle "playchess.com"]
[Source "ChessBase"]
[SourceQuality "1"]
[TimeControl "40/5400+30:1800+30"]

1. d4 Nf6 2. Nf3 d5 3. Nc3 c5 4. Be3 Nc6 5. Qd3 Nb4 6. Qd2 Bf5 7. O-O-O Bxc2 8. Re1 Ne4 9. Qxc2 Nxc2 10. Kxc2 Nxc3 11. Kxc3 cxd4+ 12. Bxd4 Rc8+ 13. Kd2 Qc7 14. Bc3 f6 15. Rc1 e5 16. e3 Qd7 17. Ba5 Rxc1 18. Kxc1 Qa4 19. Bd2 Bb4 20. Bxb4 Qxb4 21. Nd2 Ke7 22. Bd3 Rc8+ 23. Kd1 e4 24. Bb1 Qxb2 25. Ke2 Qb5+ 26. Kd1 Qb2 27. Ke2 Rc1 28. Rxc1 Qxc1 29. g3 h5 30. h4 b5 31. a3 Qxa3 32. Bc2 Qc1 33. Bd1 Qb2 34. Ke1 a5 35. Bxh5 a4 36. Nf1 a3 37. Nh2 a2 38. Kf1 a1=Q+ 39. Kg2 Qbc1 40. Kh3 Qh1 41. f3 Qaf1+ 42. Kg4 Qxh2 43. fxe4 Qhe2# 0-1

[Event "DVM U20w 2021"]
[Site "Kiel"]
[Date "2022.07.26"]
[Round "7"]
[White "Peglau, Dora"]
[Black "Falke, Ornella"]
[Result "0-1"]
[ECO "A06"]
[WhiteElo "1920"]
[BlackElo "1912"]
[Annotator "TA"]
[PlyCount "78"]
[EventDate "2022.07.23"]
[EventType "team-tourn"]
[EventRounds "7"]
[EventCountry "GER"]
[SourceTitle "playchess.com"]
[Source "ChessBase"]
[SourceQuality "1"]
[TimeControl "40/5400+30:1800+30"]

1. Nf3 c5 2. e3 Nf6 3. b3 Nc6 4. Bb2 d5 5. Bb5 e6 6. Bxc6+ {[%emt 0:01:31] A06: Réti Opening: 1 Nf3 d5.} bxc6 7. O-O Bd6 8. d3 {[%emt 0:01:07] [#] The position is equal.} h5 $146 (8... O-O $11) ({Predecessor:} 8... O-O 9. Ne5 Qc7 10. f4 Rb8 11. Qf3 Ne8 12. Nd2 f6 13. Ng4 Bd7 14. e4 Be7 {1-0 (54) Novikov,M (2503)-Stepanov,A (2381) Tula 2010}) 9. Nbd2 a5 10. c4 (10. e4 $5 Bc7 11. a4 $14) 10... Rg8 (10... Kf8 $11) 11. e4 $16 Bf4 12. cxd5 cxd5 13. Qc2 Ba6 14. Rfe1 Rc8 15. exd5 $1 Nxd5 16. a3 {[%emt 0:05:00] Against Nb4} (16. d4 $1 $16) 16... g5 (16... Bxd2 $11 17. Qxd2 g5) 17. Ne5 $2 ({White should try} 17. Ne4 $16) 17... f6 $2 (17... Bxd2 $15 {keeps the upper hand.} 18. Qxd2 Nf4) 18. Nec4 $1 Kf7 (18... Qe7 $142) 19. d4 $2 (19. Ne4 $16 {and life is bright.}) 19... cxd4 $2 (19... Bxd2 $17 {stays on course.} 20. Nxd2 cxd4 21. Qh7+ Rg7 22. Qxh5+ Kg8) 20. Qh7+ (20. Bxd4 Bxd2 21. Qxd2 (21. Qh7+ $2 Rg7 $19) 21... a4 22. Bxf6 (22. Qe2 $2 Nf4 $19) 22... Qxf6 $15) 20... Rg7 21. Qxh5+ Ke7 (21... Rg6 $16 {was necessary.}) 22. Qg4 $2 (22. Bxd4 Bxd2 23. Nxd2 Nf4 $17) ({White has to play} 22. Nf3 $1 $18 Nc3 23. g3) 22... Qd7 $11 23. Bxd4 Rh7 24. h3 (24. g3 $5 Bxd2 25. Nxd2 $11) 24... Rh4 25. Qe2 g4 $2 (25... a4 $11 {and Black has nothing to worry.} 26. Ne4 axb3) 26. Ne4 $18 (26. hxg4 $2 Rch8 27. Qxe6+ (27. Bc5+ $2 Kf7 $19) 27... Qxe6 28. Rxe6+ Kxe6 $19) 26... e5 27. Bc5+ Ke6 $2 (27... Rxc5 {might work better.} 28. Nxc5 Nc3 29. Nxd7 (29. Qd3 Qxd3 30. Nxd3 Bh6 $18) 29... Nxe2+ 30. Rxe2 Kxd7) 28. g3 Qg7 29. gxh4 gxh3+ {[%emt 0:00:12] [#]} 30. Ng5+ $1 fxg5 31. Qg4+ Kf6 {[%emt 0:00:17] [#] Strongly threatening ...Bb7.} 32. hxg5+ $2 (32. Nxe5 $1 $18 Bb7 33. Bd4 h2+ 34. Kh1 Ne3+ 35. Nf3+ Kg6 36. h5+ (36. Bxg7 $2 {loses.} Nxg4 37. Kg2 gxh4 $19) 36... Kh7 37. fxe3 (37. Bxg7 $2 Nxg4 38. Kg2 h1=R $19)) 32... Qxg5 $11 {[%emt 0:01:09] Really sharp!} 33. Qxg5+ Kxg5 34. Nd6 Rg8 ({Don't do} 34... h2+ 35. Kg2 (35. Kh1 Rc6 $14) 35... Rc6 36. b4 $14) (34... Rc6 $11) 35. Kh1 $16 {[%emt 0:03:19] Black must now prevent Rg1+.} Kh5 $2 {[%emt 0:01:07] [#]} (35... Kf6 $14) 36. Rg1 $4 {[%emt 0:00:37][%mdl 8192] [#]} (36. b4 $1 $18 {[%cal Rb4b5] is the narrow road to win.}) 36... Be2 $19 {[%emt 0:00:12] ( -> ...Bf3+)} 37. Rxg8 $2 (37. Rg3 $19 Rxg3 38. fxg3 Bxg3 39. Ra2 Bf3+ 40. Kg1) 37... Bf3+ 38. Rg2 Bxg2+ {[%emt 0:00:09] A strong pair of Bishops.} 39. Kg1 Bf3 {[%emt 0:00:15] Weighted Error Value: White=0.84/Black=0.85} 0-1

[Event "DVM U20w 2021"]
[Site "Kiel"]
[Date "2022.07.26"]
[Round "7"]
[White "Peglau, Charis"]
[Black "Margaryan, Susanna"]
[Result "1-0"]
[ECO "B16"]
[WhiteElo "1870"]
[BlackElo "1436"]
[Annotator "NA RC COMBH"]
[PlyCount "97"]
[EventDate "2022.07.23"]
[EventType "team-tourn"]
[EventRounds "7"]
[EventCountry "GER"]
[SourceTitle "playchess.com"]
[Source "ChessBase"]
[SourceQuality "1"]
[TimeControl "40/5400+30:1800+30"]

1. e4 c6 2. d4 d5 3. Nc3 dxe4 4. Nxe4 Nf6 5. Nxf6+ gxf6 6. c3 Qc7 7. Qc2 Bg4 8. Be3 Nd7 9. Ne2 e6 10. Ng3 Bd6 11. h3 Bxg3 12. hxg4 Bf4 13. Bxf4 Qxf4 14. Be2 h6 15. g3 Qc7 16. O-O-O O-O-O 17. Rh5 c5 18. Rdh1 (18. d5 $142) 18... cxd4 19. cxd4 Qxc2+ 20. Kxc2 Nb6 21. Rxh6 Rxh6 22. Rxh6 Rxd4 23. Rxf6 Rd7 24. Bf3 Kd8 25. g5 Ke8 26. Bh5 Nd5 27. Rxe6+ Kf8 28. Re4 b5 29. a3 a5 30. Re5 b4 31. Bf3 Nb6 32. axb4 axb4 33. Be2 Kg7 34. f4 f6 35. gxf6+ Kxf6 36. Bg4 b3+ 37. Kc3 Rg7 38. Re6+ Kf7 39. Rxb6 Rxg4 40. Kxb3 Rxg3+ $18 41. Ka4 Rg4 42. Rb4 Kf6 43. Rc4 Kf5 44. b4 Rxf4 45. Rxf4+ Kxf4 46. Kb5 Ke5 47. Kc6 Ke6 48. b5 Ke7 49. Kc7 1-0

[Event "DVM U20w 2021"]
[Site "Kiel"]
[Date "2022.07.26"]
[Round "7"]
[White "Basovskiy, Jana"]
[Black "Bangsa-Giesen, Citra"]
[Result "1-0"]
[ECO "B52"]
[WhiteElo "1867"]
[BlackElo "1420"]
[Annotator "NA RC COMBH"]
[PlyCount "69"]
[EventDate "2022.07.23"]
[EventType "team-tourn"]
[EventRounds "7"]
[EventCountry "GER"]
[SourceTitle "playchess.com"]
[Source "ChessBase"]
[SourceQuality "1"]
[TimeControl "40/5400+30:1800+30"]

1. e4 c5 2. Nf3 d6 3. Bb5+ Bd7 4. Bxd7+ Qxd7 5. O-O g6 6. e5 Bg7 7. Re1 Nc6 8. exd6 Qxd6 9. Na3 Nf6 10. Nc4 Qc7 11. d3 O-O 12. a4 b6 13. Bd2 Rfe8 14. Qc1 Nd7 15. Bh6 Rad8 16. Bxg7 Kxg7 17. Re4 f6 18. Rh4 h5 (18... Kg8 $15) 19. Qe3 {[%emt 0:09:05] [#]} Rh8 (19... Nf8 $1 $17) 20. Rh3 g5 21. Rg3 ({Of course not} 21. Nxg5 fxg5 22. Qxg5+ Kf7 $11) (21. Re1 $1 $14 {should be considered.}) 21... g4 22. Nh4 (22. h3 $16) 22... Kf7 (22... Nde5 $11 {deserves consideration.}) 23. Re1 Nf8 24. Nf5 e6 25. Nh4 f5 26. f4 Qe7 27. Ne5+ Nxe5 28. Qxe5 Rh7 29. Nxf5 Qd7 30. Ne3 Qxa4 31. f5 Qd4 32. fxe6+ Ke8 $18 33. Qf5 Rd6 34. Rf1 Rh8 35. Qf7+ 1-0

[Event "DVM U20w 2021"]
[Site "Kiel"]
[Date "2022.07.26"]
[Round "7"]
[White "Albayrak, Nese Pinar"]
[Black "Brunner, Sophia"]
[Result "0-1"]
[ECO "B07"]
[WhiteElo "1651"]
[BlackElo "1804"]
[Annotator "NA RC COMBH"]
[PlyCount "94"]
[EventDate "2022.07.23"]
[EventType "team-tourn"]
[EventRounds "7"]
[EventCountry "GER"]
[SourceTitle "playchess.com"]
[Source "ChessBase"]
[SourceQuality "1"]
[TimeControl "40/5400+30:1800+30"]

1. e4 d6 2. d4 Nf6 3. Nc3 g6 4. Be3 c6 5. f4 Bg7 6. h3 b5 7. a3 Qa5 8. b4 Qc7 9. Nf3 a5 10. Bd3 Na6 11. O-O O-O 12. Qd2 Bd7 13. Rab1 axb4 14. axb4 d5 15. Ne5 dxe4 16. Nxd7 Qxd7 17. Nxe4 Nd5 18. Bf2 Nac7 19. Nc5 Qd6 20. f5 Qf4 21. Qxf4 Nxf4 22. fxg6 hxg6 23. Rfd1 Ncd5 24. Rb3 Nxd3 25. Nxd3 Ra2 26. c3 Rfa8 27. Be1 Rc2 28. Rc1 Re2 29. Rb2 Rxb2 30. Nxb2 Nf4 31. Kf1 Ra2 32. Rb1 Nd5 33. Ke2 Nxb4 34. cxb4 Bxd4 35. Kd3 Bxb2 36. Bh4 f6 37. Re1 Be5 38. g4 Ra3+ 39. Ke2 Rxh3 $19 40. Bf2 Bg3 41. Rc1 Bxf2 42. Kxf2 Rb3 43. Rxc6 Rxb4 44. g5 Kf7 45. gxf6 exf6 46. Rc7+ Ke6 47. Rc6+ Ke5 0-1

[Event "DVM U20w 2021"]
[Site "Kiel"]
[Date "2022.07.26"]
[Round "7"]
[White "Neitzel, Emma"]
[Black "Peglau, Mirjam"]
[Result "0-1"]
[ECO "D37"]
[WhiteElo "1135"]
[BlackElo "1876"]
[Annotator "NA RC COMBH"]
[PlyCount "78"]
[EventDate "2022.07.23"]
[EventType "team-tourn"]
[EventRounds "7"]
[EventCountry "GER"]
[SourceTitle "playchess.com"]
[Source "ChessBase"]
[SourceQuality "1"]
[TimeControl "40/5400+30:1800+30"]

1. d4 d5 2. c4 e6 3. Nc3 Nf6 4. Nf3 Be7 5. Bf4 O-O 6. e3 c6 7. cxd5 Nxd5 8. Nxd5 exd5 9. a3 a5 10. Bd3 h6 11. O-O g5 12. Be5 f6 13. Qc2 fxe5 14. Bh7+ Kh8 15. Nxe5 Rf6 16. Ng6+ (16. f4 $17 {might work better.} Nd7 17. Rae1) 16... Kxh7 17. Nxe7+ Kg7 18. Nxc8 Qxc8 19. e4 dxe4 20. Qxe4 Qe6 21. Rfe1 Qxe4 22. Rxe4 Nd7 23. g3 Raf8 24. Re7+ R8f7 25. Rxf7+ Kxf7 26. b4 a4 27. Rb1 Rf3 28. b5 Rxa3 29. bxc6 bxc6 30. Rb7 Ke6 31. Rc7 Kd6 32. Rc8 Ra1+ 33. Kg2 a3 34. Ra8 a2 35. Ra5 Nb6 36. Kf3 $19 Nd5 37. Ke2 Nb4 38. Kd2 Rb1 39. Kc3 Nd5+ 0-1